 Dungeon Crawl Stone Soup version 0.30.2 (webtiles) character file.

Game seed: 13206179201284409395

4 Ashen the Chiller (level 1, 0/16 HPs)
             Began as an Ogre Ice Elementalist on Jan 25, 2024.
             Slain by a goblin
             ... wielding a +0 club
              (1 damage)
             ... on level 1 of the Dungeon.
             The game lasted 00:00:41 (51 turns).

Ashen the Chiller (Ogre Ice Elementalist)             Turns: 51, Time: 00:00:42

Health: 0/16       AC:  3    Str: 11    XL:     1   Next: 70%
Magic:  0/4        EV:  9    Int: 16    God:
Gold:   0          SH:  0    Dex:  9    Spells: 4/5 levels left

rFire   . . .        (no weapon)
rCold   . . .        (no shield)
rNeg    . . .        a - +0 robe
rPois   .            (helmet restricted)
rElec   .            (no cloak)
rCorr   .            (gloves unavailable)
SInv    .            (boots unavailable)
Will    .....        (no amulet)
Stlth   +            (no ring)
HPRegen 0.22/turn    (no ring)
MPRegen 0.09/turn

%: no passive effects
@: no status effects
A: large, unfitting armour, tough skin 1
a: no special abilities


You were on level 1 of the Dungeon.
You visited 1 branch of the dungeon, and saw 1 of its levels.

Inventory:

Armour
 a - a +0 robe (worn)
Potions
 b - a potion of magic


   Skills:
 + Level 0.2 Fighting
 + Level 0.1 Maces & Flails
 + Level 1.8 Dodging
 + Level 1.4 Stealth
 * Level 2.5 Spellcasting
 * Level 0.2 Conjurations
 * Level 3.6 Ice Magic


You had 4 spell levels left.
You knew the following spells:

 Your Spells              Type           Power      Damage    Failure   Level
a - Freeze                Ice            52%        1d6       4%          1

Your spell library contained the following spells:

 Spells                   Type           Power      Damage    Failure   Level
 Frozen Ramparts          Ice            26%        1d4       13%         3
 Ozocubu's Armour         Ice            13%        N/A       13%         3
 Summon Ice Beast         Ice/Summ       7%         N/A       67%         4


Dungeon Overview and Level Annotations

Branches:
Dungeon (1/15)

Altars:


Innate Abilities, Weirdness & Mutations

You are too large for most types of armour.
You have tough skin. (AC +1)


Message History

You freeze the rat.
You kill the rat!
The goblin hits you with a +0 club.
You barely miss the quokka. The quokka bites you.
The goblin closely misses you.
You closely miss the quokka. The quokka bites you.
The goblin closely misses you. The quokka attacks as you move away!
The quokka barely misses you. The quokka bites you.
The quokka attacks as you move away! The quokka closely misses you.
There is an open door here.
You miss the quokka. The quokka barely misses you.
You hit the quokka.
The quokka is lightly wounded.
The quokka closely misses you.
You closely miss the quokka.
The quokka is lightly wounded.
The quokka barely misses you.
You barely miss the quokka.
The quokka is lightly wounded.
The quokka bites you but does no damage.
The quokka bites you.
You hit the quokka but do no damage.
The quokka is lightly wounded.
The quokka misses you.
Casting: Freeze (safe; 4% risk of failure)
Confirm with . or Enter, or press ? or * to list all spells.
Aiming: Freeze (safe; 4% risk of failure)
Press: ? - help, Shift-Dir - straight line, f - quokka
Aim: a quokka (lightly wounded)
You freeze the quokka.
You kill the quokka!
You hit the goblin but do no damage. The goblin hits you with a +0 club.
* * * LOW HITPOINT WARNING * * *
You hit the goblin but do no damage. The goblin hits you with a +0 club.
* * * LOW HITPOINT WARNING * * *
You hit the goblin but do no damage. The goblin hits you with a +0 club.
* * * LOW HITPOINT WARNING * * *
You barely miss the goblin. The goblin hits you with a +0 club.
You die...

###.### #o#.#H#
###.### #d#.#p#
###.### # #f#.#m#
.# . ###.###
#.#.# .
#e#.#h#.....#
#..####@###.....#
......#g#.......#
.................
####...##.#####.#
....... ....
........#.###
........#.#
....... #..
....... ###


You could see an elf, a felid and a goblin.

Vanquished Creatures
  A ball python (D:1)
  2 quokkas (D:1)
  A rat (D:1)
4 creatures vanquished.

Notes
Turn   | Place    | Note
-------+----------+-------------------------------------------
     0 | D:1      | Ashen the Ogre Ice Elementalist began the quest for the
                  | Orb.
     0 | D:1      | Reached XP level 1. HP: 16/16 MP: 3/3
     2 | D:1      | Noticed a demonspawn
     2 | D:1      | Noticed an ogre
     4 | D:1      | Noticed a human
     4 | D:1      | Noticed a vampire
     6 | D:1      | Noticed a tengu
     6 | D:1      | Noticed a spriggan
     8 | D:1      | Noticed a troll
     8 | D:1      | Noticed a ghoul
    10 | D:1      | Noticed a demigod
    12 | D:1      | Noticed a gargoyle
    14 | D:1      | Noticed an octopode
    14 | D:1      | Noticed an armataur
    16 | D:1      | Noticed a vine stalker
    16 | D:1      | Noticed a felid
    18 | D:1      | Noticed an elf
    18 | D:1      | Noticed a naga
    20 | D:1      | Noticed a minotaur
    22 | D:1      | Noticed a draconian
    22 | D:1      | Noticed a meteoran
    24 | D:1      | Noticed a vine stalker
    24 | D:1      | Noticed a merfolk
    26 | D:1      | Noticed an elf
    26 | D:1      | Noticed a felid
    51 | D:1      | Slain by a goblin

Illustrated notes

Levels and vault maps discovered:
D:1:      kb_arrival_jail, layout_basic

Action                     || total
---------------------------++-------
  Melee: Unarmed           ||    11
   Cast: Freeze            ||     4
 Armour: Robe              ||     1
  Dodge: Dodged            ||    10
